 Dungeon Crawl Stone Soup version 0.28.0-53-g5a82cb258f (webtiles) character file.

Game seed: 18138544251882953220

280 DocClef the Ruffian (level 6, 0/51 HPs)
             Began as a Palentonga Cinder Acolyte on June 25, 2022.
             Was a High Priest of Ignis.
             Succumbed to a gnoll sergeant's poison
             ... on level 4 of the Dungeon.
             The game lasted 00:03:42 (2589 turns).

DocClef the Ruffian (Palentonga Cinder Acolyte)     Turns: 2589, Time: 00:03:42

Health: 0/51       AC:  5    Str: 20 (21) XL:     6   Next: 5%
Magic:  7/7        EV:  9    Int: 11 (14) God:    Ignis [*****.]
Gold:   116        SH:  0    Dex: 10 (12) Spells: 7/7 levels left

rFire   + + .      SeeInvis +     - Unarmed
rCold   . . .      Faith    .   (no shield)
rNeg    . . .      Spirit   .   p - +0 robe {rF+}
rPois   .          Reflect  .   o - +0 helmet
rElec   .          Harm     .   (no cloak)
rCorr   .          Rampage  .   (no gloves)
Will    .....                   (no barding)
Stlth   +.........              g - amulet of regeneration
HPRegen 0.97/turn               f - +6 ring of dexterity
MPRegen 0.10/turn               (no ring)

@: lethally poisoned (0 -> -18)
A: large, rugged brown scales 3, see invisible, deformed body, roll 1, armoured
tail, stinger 1, strong 1, wild magic 1
a: Rolling Charge, Renounce Religion, Fiery Armour, Foxfire Swarm, Rising Flame


You were on level 4 of the Dungeon.
You worshipped Ignis.
Ignis was extremely pleased with you.
You visited 1 branch of the dungeon, and saw 4 of its levels.

You collected 116 gold pieces.

Inventory:

Armour
 o - a +0 helmet (worn)
 p - a +0 robe of fire resistance (worn)
Jewellery
 f - a +6 ring of dexterity (left hand)
 g - an amulet of regeneration (around neck)
Wands
 j - a wand of paralysis (10)
Scrolls
 b - 3 scrolls of teleportation {unknown}
 c - a scroll of immolation {unknown}
 h - a scroll of noise {unknown}
 i - 2 scrolls of identify {unknown}
 n - a scroll of silence {unknown}
Potions
 l - a potion of curing {unknown}
 m - a potion of resistance {unknown}


   Skills:
 - Level 4.0 Fighting
 + Level 6.3 Unarmed Combat
 - Level 1.0 Spellcasting
 - Level 2.4 Fire Magic


You had 7 spell levels left.
You didn't know any spells.
Your spell library contained the following spells:

 Spells                   Type           Power      Damage    Failure   Level
 Scorch                   Fire           14%        2d6       26%         2
 Static Discharge         Conj/Air       0%         N/A       52%         2
 Lightning Bolt           Conj/Air       0%         1d11      100%        5
 Maxwell's Capacitive Co  Air            0%         ∞         100%        8


Dungeon Overview and Level Annotations

Branches:
Dungeon (4/15)
 Temple: D:4-7

Altars:


Innate Abilities, Weirdness & Mutations

You are completely covered in rugged brown scales. (AC +3, +7% HP)
You have supernaturally acute eyesight. (SInv)
Armour fits poorly on your strangely shaped body.
You can roll at nearby foes to attack.
You have a long armoured tail.
Your tail ends in a venomous barb.
Your muscles are strong. (Str +2)
Your spells are a little harder to cast, but a little more powerful.


Message History

The gnoll shouts!
The gnoll hits you with a +0 flail.
You punch the gnoll!
The gnoll is heavily wounded.
The gnoll barely misses you.
You barely miss the gnoll. Your punch misses the gnoll.
The gnoll is heavily wounded.
The gnoll hits you with a +0 flail.
You barely miss the gnoll.
The gnoll is heavily wounded.
The gnoll hits you with a +0 flail!
You punch the gnoll!
You kill the gnoll!
You punch the gnoll!
The gnoll is heavily wounded.
The gnoll hits you with a +0 club.
You barely miss the gnoll.
The gnoll is heavily wounded.
The gnoll barely misses you.
You closely miss the gnoll.
The gnoll is heavily wounded.
The gnoll hits you with a +0 club.
The gnoll sergeant hits you from afar with a +4 trident of venom!
It was a potion of degeneration.
There was something very wrong with that liquid.
You feel weakened.
You feel dopey.
You feel clumsy. The gnoll barely misses you.
The gnoll sergeant hits you from afar with a +4 trident of venom!
You are poisoned.
It was a potion of mutation.
You feel extremely strange.
You feel less in control of your magic.
A venomous barb forms on the end of your tail.
You feel stronger.
You feel very sick. The gnoll hits you but does no damage.
The gnoll sergeant hits you from afar with a +4 trident of venom!
* * * LOW HITPOINT WARNING * * *
You are lethally poisoned!
It was a potion of magic.
Magic courses through your body.
You die... ##.# #..# #... ... gg#

#g# # #g#
.#
#@####.####
#..........
#..........
#..........
#..........
#[.........
#..).......
#..).......
#.#########


You could see a gnoll sergeant and 3 gnolls.

Vanquished Creatures
  An orc priest (D:4)
  Jessica (D:3)
  3 orc wizards
  A hound zombie (D:3)
  A gnoll (D:4)
  5 adders
  A worm (D:3)
  A dart slug (D:2)
  8 orcs
  3 ball pythons
  7 endoplasms
  4 giant cockroaches
  8 goblins
  5 hobgoblins
  2 jackals (D:3)
  5 kobolds
  A quokka (D:3)
  8 bats
  A frilled lizard (D:1)
  5 rats
71 creatures vanquished.

Notes
Turn   | Place    | Note
-------+----------+-------------------------------------------
     0 | D:1      | DocClef the Palentonga Cinder Acolyte began the quest for
                  | the Orb.
     0 | D:1      | Reached XP level 1. HP: 19/19 MP: 2/2
   232 | D:1      | Reached XP level 2. HP: 23/25 MP: 3/3
   891 | D:2      | Reached XP level 3. HP: 32/32 MP: 4/4
  1466 | D:2      | Reached skill level 4 in Unarmed Combat
  1687 | D:3      | Reached XP level 4. HP: 30/39 MP: 5/5
  1835 | D:3      | Reached skill level 5 in Unarmed Combat
  1874 | D:3      | Noticed Jessica
  1879 | D:3      | Killed Jessica
  1880 | D:3      | Reached XP level 5. HP: 43/44 MP: 6/6
  2001 | D:3      | Found a faded altar of an unknown god.
  2500 | D:4      | Reached skill level 6 in Unarmed Combat
  2548 | D:4      | Reached XP level 6. HP: 44/51 MP: 7/7
  2588 | D:4      | Gained mutation: Your spells are a little harder to cast,
                  | but a little more powerful. [potion of mutation]
  2588 | D:4      | Gained mutation: Your tail ends in a venomous barb. [potion
                  | of mutation]
  2588 | D:4      | Gained mutation: Your muscles are strong. (Str +2) [potion
                  | of mutation]
  2589 | D:4      | Succumbed to a gnoll sergeant's poison

Illustrated notes

Levels and vault maps discovered:
D:1:      scummos_arrival_forest, layout_basic
D:2:      layout_basic, corexii_leaking_fountain, minivault_11
D:3:      layout_basic, chequers_ecumenical_altar_simple, uniq_ijyb,
          uniq_jessica
D:4:      layout_rooms, kennysheep_generic_room_10

Skill      XL: |  1  2  3  4  5 |
---------------+----------------+-----
Fighting       | 4 |  4.0
Unarmed Combat | 4 5 6 |  6.3
Spellcasting   | |  1.0
Fire Magic     | |  2.4

Action                   |  1- 3 |  4- 6 || total
-------------------------+-------+-------++-------
Melee: Unarmed           |   102 |   152 ||   254
       Punch             |     2 |     6 ||     8
       Tailslap          |     3 |    17 ||    20
 Abil: Rolling Charge    |     1 |       ||     1
  Use: Potion            |       |     3 ||     3
 Stab: Sleeping          |       |     1 ||     1
Armor: Robe              |    50 |    51 ||   101
Dodge: Dodged            |    46 |    71 ||   117
